SA
PHOENIX HOTSPUR U-21 @ HOGSMEADE CAULDRONS
07/31/2025
 
TOP OF THE 1ST
Phoenix Hotspur U-21 batting - Pitching for Hogsmeade Cauldrons : RHP Fernando Villarreal
Pitching: RHP Fernando Villarreal
Batting: RHB Solomon Norment 0-0: Ball
1-0: Ball
2-0: Ground out 5-3 (Groundball, 56S)
Batting: LHB Ramón Hidalgo 0-0: Called Strike
0-1: Swinging Strike
0-2: Ball
1-2: Foul Ball, location: 2F
1-2: Strikes out swinging
Batting: RHB Rubén Andrada 0-0: Ball
1-0: Foul Ball, location: 2F
1-1: SINGLE (Groundball, 4MD)
Batting: RHB Hieronymus Bosch 0-0: Called Strike
0-1: Ball
1-1: Ball
2-1: Foul Ball, location: 2F
2-2: Strikes out looking
Top of the 1st over - 0 run(s), 1 hit(s), 0 error(s), 1 left on base; Phoenix 0 - Hogsmeade 0
BOTTOM OF THE 1ST
Hogsmeade Cauldrons batting - Pitching for Phoenix Hotspur U-21 : RHP Loeck Visser
Pitching: RHP Loeck Visser
Batting: RHB Robinson Barquero 0-0: Called Strike
0-1: Fly out, F8 (Flyball, 8LD)
Batting: RHB Jorge Gómez 0-0: Ball
1-0: Swinging Strike
1-1: Foul Ball, location: 2F
1-2: Foul Ball, location: 2F
1-2: Strikes out swinging
Batting: LHB Ignacio Medine 0-0: Ball
1-0: Swinging Strike
1-1: Foul Ball, location: 2F
1-2: Strikes out swinging
Bottom of the 1st over - 0 run(s), 0 hit(s), 0 error(s), 0 left on base; Phoenix 0 - Hogsmeade 0
TOP OF THE 2ND
Phoenix Hotspur U-21 batting - Pitching for Hogsmeade Cauldrons : RHP Fernando Villarreal
Batting: RHB Enrico Sánchez 0-0: Ball
1-0: Ground out 6-3 (Groundball, 6)
Batting: LHB Tyler Kinjeketile 0-0: Ball
1-0: Called Strike
1-1: Swinging Strike
1-2: Foul Ball, location: 2F
1-2: Strikes out swinging
Batting: SHB Huey Wood 0-0: Called Strike
0-1: Ball
1-1: Ball
2-1: Ground out 4-3 (Groundball, 4)
Top of the 2nd over - 0 run(s), 0 hit(s), 0 error(s), 0 left on base; Phoenix 0 - Hogsmeade 0
BOTTOM OF THE 2ND
Hogsmeade Cauldrons batting - Pitching for Phoenix Hotspur U-21 : RHP Loeck Visser
Batting: RHB Héctor Casas 0-0: SINGLE (Groundball, 56D)
Batting: LHB Austin Hathaway 0-0: Ball
1-0: Ball
2-0: Called Strike
2-1: Swinging Strike
2-2: Strikes out swinging
Batting: RHB Mitchell Westerbos 0-0: Ball
1-0: SINGLE (Groundball, 4MD)
Héctor Casas to second
Batting: LHB Tyler Knopp 0-0: Called Strike
0-1: Fly out, F9 (Flyball, 89S)
Batting: LHB Jim Unknown 0-0: SINGLE (Line Drive, 34D)
Héctor Casas to third
Mitchell Westerbos to second
Runner from 3rd tries for Home, SAFE, throw made home
Mitchell Westerbos to third
Jim Unknown to second
Batting: RHB Jorge Ramos 0-0: Ball
1-0: Ball
2-0: Called Strike
2-1: Ball
3-1: Ground out 6-3 (Groundball, 56)
Bottom of the 2nd over - 1 run(s), 3 hit(s), 0 error(s), 2 left on base; Phoenix 0 - Hogsmeade 1
TOP OF THE 3RD
Phoenix Hotspur U-21 batting - Pitching for Hogsmeade Cauldrons : RHP Fernando Villarreal
Batting: RHB Juan Negrete 0-0: Ground out 4-3 (Groundball, 4)
Batting: RHB Bill Erickson 0-0: Swinging Strike
0-1: Called Strike
0-2: Foul Ball, location: 2F
0-2: Ball
1-2: Ball
2-2: Strikes out swinging
Batting: RHB Solomon Norment 0-0: Ball
1-0: Swinging Strike
1-1: Called Strike
1-2: Ball
2-2: Strikes out swinging
Top of the 3rd over - 0 run(s), 0 hit(s), 0 error(s), 0 left on base; Phoenix 0 - Hogsmeade 1
BOTTOM OF THE 3RD
Hogsmeade Cauldrons batting - Pitching for Phoenix Hotspur U-21 : RHP Loeck Visser
Batting: RHB Robinson Barquero 0-0: Called Strike
0-1: Foul Ball, location: 2F
0-2: SINGLE (Groundball, 6MD)
Batting: RHB Jorge Gómez 0-0: Swinging Strike
0-1: Called Strike
Robinson Barquero is caught stealing 2nd base
0-2: Ground out 5-3 (Groundball, 5S)
Batting: LHB Ignacio Medine 0-0: Ball
1-0: Ball
2-0: Ball
3-0: Base on Balls
Batting: RHB Héctor Casas 0-0: Foul Ball, location: 2F
0-1: Swinging Strike
0-2: Ball
1-2: Strikes out swinging
Bottom of the 3rd over - 0 run(s), 1 hit(s), 0 error(s), 1 left on base; Phoenix 0 - Hogsmeade 1
TOP OF THE 4TH
Phoenix Hotspur U-21 batting - Pitching for Hogsmeade Cauldrons : RHP Fernando Villarreal
Batting: LHB Ramón Hidalgo 0-0: Ball
1-0: Called Strike
1-1: Called Strike
1-2: SINGLE (Groundball, 23) (infield hit)
Batting: RHB Rubén Andrada 0-0: Called Strike
0-1: Ball
1-1: Ball
2-1: Called Strike
2-2: Grounds into double play, 5-4-3 (Groundball, 56)
Batting: RHB Hieronymus Bosch 0-0: DOUBLE (Flyball, 7LM)
Batting: RHB Enrico Sánchez 0-0: SINGLE (Groundball, 56D)
Hieronymus Bosch to third
Runner from 3rd tries for Home, SAFE, throw made home
Enrico Sánchez to second
Batting: LHB Tyler Kinjeketile 0-0: Foul Ball, location: 2F
0-1: Ball
1-1: Called Strike
1-2: Ball
2-2: Strikes out looking
Top of the 4th over - 1 run(s), 3 hit(s), 0 error(s), 1 left on base; Phoenix 1 - Hogsmeade 1
BOTTOM OF THE 4TH
Hogsmeade Cauldrons batting - Pitching for Phoenix Hotspur U-21 : RHP Loeck Visser
Batting: LHB Austin Hathaway 0-0: Ground out 6-3 (Groundball, 6)
Batting: RHB Mitchell Westerbos 0-0: Ground out 6-3 (Groundball, 6D)
Batting: LHB Tyler Knopp 0-0: Ground out 4-3 (Groundball, 34)
Bottom of the 4th over - 0 run(s), 0 hit(s), 0 error(s), 0 left on base; Phoenix 1 - Hogsmeade 1
TOP OF THE 5TH
Phoenix Hotspur U-21 batting - Pitching for Hogsmeade Cauldrons : RHP Fernando Villarreal
Batting: SHB Huey Wood 0-0: Called Strike
0-1: Ball
1-1: SINGLE (Line Drive, 4MD)
Batting: RHB Juan Negrete 0-0: Bunt missed!
0-1: Sac Bunt - play at first, batter OUT! 5-4
Huey Wood to second
Batting: RHB Bill Erickson 0-0: Ground out 1-3 (Groundball, 13)
Huey Wood to third
Batting: RHB Solomon Norment 0-0: Foul Ball, location: 2F
0-1: Foul Ball, location: 2F
0-2: Ball
1-2: Strikes out swinging
Top of the 5th over - 0 run(s), 1 hit(s), 0 error(s), 1 left on base; Phoenix 1 - Hogsmeade 1
BOTTOM OF THE 5TH
Hogsmeade Cauldrons batting - Pitching for Phoenix Hotspur U-21 : RHP Loeck Visser
Batting: LHB Jim Unknown 0-0: Ball
1-0: Foul Ball, location: 2F
1-1: Fly out, F7 (Line Drive, 7D)
Batting: RHB Jorge Ramos 0-0: Ball
1-0: Called Strike
1-1: Swinging Strike
1-2: Fly out, F8 (Line Drive, 8LS)
Batting: RHB Robinson Barquero 0-0: Swinging Strike
0-1: Ball
1-1: Foul Ball, location: 2F
1-2: Fly out, F8 (Line Drive, 8RM)
Bottom of the 5th over - 0 run(s), 0 hit(s), 0 error(s), 0 left on base; Phoenix 1 - Hogsmeade 1
TOP OF THE 6TH
Phoenix Hotspur U-21 batting - Pitching for Hogsmeade Cauldrons : RHP Fernando Villarreal
Batting: LHB Ramón Hidalgo 0-0: Called Strike
0-1: Ball
1-1: Ball
2-1: Ball
3-1: Called Strike
3-2: Foul Ball, location: 2F
3-2: Foul Ball, location: 2F
3-2: Foul Ball, location: 2F
3-2: DOUBLE (Groundball, 3L)
Batting: RHB Rubén Andrada 0-0: Swinging Strike
0-1: Ball
1-1: Swinging Strike
1-2: Ball
2-2: Strikes out looking
Batting: RHB Hieronymus Bosch 0-0: Called Strike
0-1: Ball
1-1: Foul Ball, location: 2F
1-2: Fly out, F9 (Flyball, 9S)
Batting: RHB Enrico Sánchez 0-0: Ball
1-0: Called Strike
1-1: Foul Ball, location: 2F
1-2: Foul Ball, location: 2F
1-2: Strikes out swinging
Top of the 6th over - 0 run(s), 1 hit(s), 0 error(s), 1 left on base; Phoenix 1 - Hogsmeade 1
BOTTOM OF THE 6TH
Hogsmeade Cauldrons batting - Pitching for Phoenix Hotspur U-21 : RHP Loeck Visser
Batting: RHB Jorge Gómez 0-0: Ball
1-0: Bunt for hit - play at first, batter OUT! 3-4
Batting: LHB Ignacio Medine 0-0: Ball
1-0: SINGLE (Groundball, 4MD)
Batting: RHB Héctor Casas 0-0: Ball
1-0: Ball
2-0: Foul Ball, location: 2F
2-1: Fly out, F8 (Flyball, 8LM)
Batting: LHB Austin Hathaway 0-0: Called Strike
0-1: Ball
1-1: Called Strike
1-2: Ball
2-2: Ball
3-2: Strikes out swinging
Bottom of the 6th over - 0 run(s), 1 hit(s), 0 error(s), 1 left on base; Phoenix 1 - Hogsmeade 1
TOP OF THE 7TH
Phoenix Hotspur U-21 batting - Pitching for Hogsmeade Cauldrons : RHP Fernando Villarreal
Batting: LHB Tyler Kinjeketile 0-0: Ball
1-0: Foul Ball, location: 2F
1-1: Swinging Strike
1-2: Ball
2-2: Strikes out looking
Batting: SHB Huey Wood 0-0: Called Strike
0-1: Ball
1-1: Foul Ball, location: 2F
1-2: Ball
2-2: Ground out U3 (Groundball, 34S)
Batting: RHB Juan Negrete 0-0: Called Strike
0-1: Foul Ball, location: 2F
0-2: SINGLE (Groundball, 56D)
Batting: RHB Bill Erickson 0-0: Ball
1-0: Fly out, F4 (Line Drive, 4)
Top of the 7th over - 0 run(s), 1 hit(s), 0 error(s), 1 left on base; Phoenix 1 - Hogsmeade 1
BOTTOM OF THE 7TH
Hogsmeade Cauldrons batting - Pitching for Phoenix Hotspur U-21 : RHP Loeck Visser
Pinch Hitting: LHB Estefan Carrasco 0-0: Called Strike
0-1: Ground out U3 (Groundball, 34)
Batting: LHB Tyler Knopp 0-0: Fly out, F8 (Flyball, 8LD)
Batting: LHB Jim Unknown 0-0: Ball
1-0: Fly out, F8 (Flyball, 8RD)
Bottom of the 7th over - 0 run(s), 0 hit(s), 0 error(s), 0 left on base; Phoenix 1 - Hogsmeade 1
TOP OF THE 8TH
Phoenix Hotspur U-21 batting - Pitching for Hogsmeade Cauldrons : RHP Fernando Villarreal
Now in RF: Estefan Carrasco
Batting: RHB Solomon Norment 0-0: Ball
1-0: Ball
2-0: Called Strike
2-1: Ball
3-1: Swinging Strike
3-2: Fly out, F9 (Flyball, 9LMF)
Batting: LHB Ramón Hidalgo 0-0: Ball
1-0: Swinging Strike
1-1: Swinging Strike
1-2: Ground out 1-3 (Groundball, 15)
Batting: RHB Rubén Andrada 0-0: Ball
1-0: Called Strike
1-1: Swinging Strike
1-2: Strikes out swinging
Top of the 8th over - 0 run(s), 0 hit(s), 0 error(s), 0 left on base; Phoenix 1 - Hogsmeade 1
BOTTOM OF THE 8TH
Hogsmeade Cauldrons batting - Pitching for Phoenix Hotspur U-21 : RHP Loeck Visser
Batting: RHB Jorge Ramos 0-0: Ball
1-0: Called Strike
1-1: Called Strike
1-2: Ball
2-2: Foul Ball, location: 2F
2-2: SINGLE (Line Drive, 5D)
Pinch Hitting: RHB Jim Unknown 0-0: Sac Bunt - play at first, batter OUT! 2-3
Jorge Ramos to second
Batting: RHB Jorge Gómez 0-0: Ball
1-0: Called Strike
1-1: Ball
2-1: Ball
3-1: SINGLE (Line Drive, 9S)
Jorge Ramos to third
Batting: LHB Ignacio Medine 0-0: Called Strike
0-1: Foul Ball, location: 2F
0-2: Strikes out swinging
Batting: RHB Héctor Casas 0-0: Called Strike
0-1: Ball
Wild Pitch!
Jorge Ramos scores
Jorge Gómez to second
1-1: Foul Ball, location: 2F
1-2: Strikes out looking
Bottom of the 8th over - 1 run(s), 2 hit(s), 0 error(s), 1 left on base; Phoenix 1 - Hogsmeade 2
TOP OF THE 9TH
Phoenix Hotspur U-21 batting - Pitching for Hogsmeade Cauldrons : RHP Fernando Villarreal
Pitching: RHP Pancho Ortíz
Now in CF: Cody Skillings
Pinch Hitting: LHB Roberto Fierro 0-0: Ground out U3 (Groundball, 3)
Pinch Hitting: SHB Jim Unknown 0-0: Foul Ball, location: 2F
0-1: Ground out 6-3 (Groundball, P)
Batting: LHB Tyler Kinjeketile 0-0: SINGLE (Flyball, 8RS)
Pinch Hitting: RHB Julián De Paz 0-0: Called Strike
0-1: SINGLE (Line Drive, 89S)
Tyler Kinjeketile to second
Pinch Hitting: RHB Bernardo Rivera 0-0: Called Strike
0-1: Ball
1-1: Ball
2-1: Swinging Strike
2-2: Strikes out swinging
Top of the 9th over - 0 run(s), 2 hit(s), 0 error(s), 2 left on base; Phoenix 1 - Hogsmeade 2
Friday, December 30th, 2016 - OOTP Baseball 17.12 Build 75